 Dungeon Crawl Stone Soup version 0.26.1-11-gd32895ea62 (webtiles) character file.

Game seed: 2042407557263329861

840 H0rd4k the Insei (level 8, -1/50 HPs)
             Began as an Octopode Transmuter on May 11, 2021.
             Splashed by a jelly's acid (4 damage)
             ... on level 5 of the Dungeon.
             The game lasted 00:06:36 (6458 turns).

H0rd4k the Insei (Octopode Transmuter)              Turns: 6458, Time: 00:06:36

Health: -1/50      AC: -2    Str:  9    XL:     8   Next: 0%
Magic:  9/13       EV: 21    Int: 24    God:
Gold:   201        SH:  0    Dex: 17    Spells: 10/14 levels left

rFire    . . .     SeeInvis .     - Unarmed
rCold    . . .     Faith    .   (shield currently unavailable)
rNeg     . . .     Spirit   .   (helmet currently unavailable)
rPois    x         Reflect  .   (no amulet)
rElec    .         Harm     .   p - +6 ring of intelligence
rCorr    .         Rampage  .   (no ring)
Will     .....                  (no ring)
Stlth    ++........             (no ring)
HPRegen  0.16/turn              (no ring)
MPRegen  0.13/turn              (no ring)
                                (no ring)
                                (no ring)

@: spider-form, corroded
A: tiny, almost no armour, stealthy swim, (amphibious), 8 rings, (constrict 8)
a: End Transformation


You were on level 5 of the Dungeon.
You were a venomous arachnid creature.
You visited 1 branch of the dungeon, and saw 5 of its levels.

You collected 201 gold pieces.

Inventory:

Missiles
 n - 32 poisoned darts (quivered)
Magical Staves
 l - an uncursed staff of poison {unknown}
Jewellery
 p - a +6 ring of intelligence (left front leg)
Scrolls
 a - a scroll of fear {unknown}
 b - a scroll of enchant weapon {unknown}
 e - 2 scrolls of remove curse {unknown}
 j - 2 scrolls of teleportation {unknown}
 k - a scroll of blinking {unknown}
 m - 3 scrolls of identify {unknown}
 r - 2 scrolls of fog {unknown}
 u - a scroll of enchant armour {unknown}
Potions
 c - a potion of mutation {unknown}
 d - a potion of might {unknown}
 f - a potion of heal wounds {unknown}
 g - 2 potions of curing {unknown}
 h - a potion of flight {unknown}
 i - a potion of attraction {unknown}
 o - a potion of magic {unknown}
 q - 2 potions of ambrosia {unknown}
 s - a potion of brilliance {unknown}
 t - 2 potions of haste {unknown}


   Skills:
 + Level 1.9 Fighting
 + Level 1.0 Throwing
 + Level 3.3 Dodging
 - Level 1.8 Stealth
 + Level 5.9 Unarmed Combat
 * Level 3.6 Spellcasting
 * Level 3.7 Transmutations
 * Level 3.6 Poison Magic


You had 10 spell levels left.
You knew the following spells:

 Your Spells              Type           Power        Failure   Level
a - Beastly Appendage     Tmut           44%          9%          1
b - Spider Form           Tmut/Pois      11%          19%         3

Your spell library contained the following spells:

 Spells                   Type           Power        Failure   Level
 Wereblood                Tmut           22%          11%         2
 Ice Form                 Ice/Tmut       13%          65%         4
 Blade Hands              Tmut           11%          73%         5


Dungeon Overview and Level Annotations

Branches:
Dungeon (5/15)
 Temple: D:4-7

Altars:
Dithmenos
Vehumet


Innate Abilities, Weirdness & Mutations

You cannot wear most types of armour.
You are very stealthy in the water. (Stealth+)
((You are amphibious.))
You can wear up to eight rings at the same time.
((You can use your tentacles to constrict eight enemies at once.))
((Your skin changes colour to match your surroundings (Stealth+).))
((Your rubbery body absorbs attacks. (AC +1, EV +1)))


Message History

You hit the worker ant.
The worker ant is poisoned.
The worker ant is moderately wounded.
The worker ant misses you. The worker ant closely misses you.
You hit the worker ant.
The worker ant looks as sick as possible!
The worker ant is heavily wounded.
The worker ant completely misses you.
You hit the worker ant.
You kill the worker ant!
The jelly jiggles.
You have reached level 8!
You hit the jelly. The acid corrodes you!
Your front legs burn!
* * * LOW HITPOINT WARNING * * *
The jelly is heavily wounded.
The jelly hits you.
* * * LOW HITPOINT WARNING * * *
You are splashed with acid.
* * * LOW HITPOINT WARNING * * *
You hit the jelly but do no damage.
Your front legs burn!
You die...

#...........#.#
#########...#.#
########....#.#
[......#..J.#.#
.......#.#..#.#
......(#.#..#.#
.......#O#....#
.......#J#....#
.......s.#...O#
.........#....#
###......#....#
#$.....#..#>#
#.......#..#.####
#......<#..#....#
#.#####.#..#.##.#
#. .#.....#.#
#..#..#.#


You could see an ogre and a jelly.

Vanquished Creatures
  Sigmund (D:4)
  A big kobold (D:4)
  A water moccasin skeleton (D:4)
  A scorpion (D:4)
  A jelly (D:5)
  A hound (D:4)
  A bullfrog skeleton (D:4)
  2 orc priests
  2 orc wizards (D:4)
  Terence (D:3)
  2 worker ants
  4 gnolls (D:4)
  8 adders
  2 oozes
  3 worms
  2 dart slugs (D:1)
  3 leopard geckos
  13 orcs
  6 giant cockroaches
  7 goblins
  3 hobgoblins (D:2)
  26 kobolds
  A quokka (D:2)
  2 ball pythons
  3 bats (D:2)
  4 frilled lizards
  A jackal skeleton (D:4)
  16 rats
118 creatures vanquished.

Vanquished Creatures (others)
  78 plants (D:4)
78 creatures vanquished.

Grand Total: 196 creatures vanquished

Notes
Turn   | Place    | Note
-------+----------+-------------------------------------------
     0 | D:1      | H0rd4k the Octopode Transmuter began the quest for the Orb.
     0 | D:1      | Reached XP level 1. HP: 13/13 MP: 3/3
   123 | D:1      | Reached XP level 2. HP: 18/18 MP: 5/5
   265 | D:1      | Reached skill level 1 in Stealth
   732 | D:1      | Reached XP level 3. HP: 23/23 MP: 6/6
   927 | D:1      | Learned a level 3 spell: Spider Form
  1460 | D:2      | Reached XP level 4. HP: 10/28 MP: 7/7
  1963 | D:2      | Reached skill level 4 in Unarmed Combat
  2320 | D:2      | Reached skill level 1 in Poison Magic
  3016 | D:3      | Reached XP level 5. HP: 33/33 MP: 8/8
  3339 | D:3      | Noticed Terence
  3370 | D:3      | Killed Terence
  4104 | D:4      | Noticed a phantom
  4171 | D:4      | Found a radiant altar of Vehumet.
  4296 | D:4      | Reached XP level 6. HP: 38/38 MP: 10/10
  4780 | D:4      | Reached skill level 5 in Unarmed Combat
  4848 | D:4      | Found a shadowy altar of Dithmenos.
  4947 | D:4      | Reached XP level 7. HP: 26/43 MP: 9/11
  5356 | D:4      | Noticed Sigmund
  5374 | D:4      | Killed Sigmund
  5375 | D:4      | Reached skill level 1 in Throwing
  6212 | D:5      | Entered Level 5 of the Dungeon
  6457 | D:5      | Reached XP level 8. HP: 11/50 MP: 9/13
  6458 | D:5      | Splashed by a jelly's acid

Illustrated notes

Levels and vault maps discovered:
D:1:      lemuel_arrival_room, layout_loops_ring, minmay_rat_gold_closets
D:2:      layout_basic, serial_rivers, chequers_serial_rivers_micro_c,
          chequers_serial_rivers_micro_a, chequers_serial_rivers_room_a,
          chequers_serial_rivers_micro_e, minmay_strange_pillars
D:3:      layout_loops_ring, uniq_terence
D:4:      kennysheep_kobold_camp, layout_basic, lemuel_crystal_altar,
          lemuel_coloured_pillars_altar, hangedman_abyss_or_decor_slice,
          uniq_sigmund
D:5:      layout_basic, tgw_trog, minmay_temple_entry_trees,
          gup_sewer_entry_spiral, minmay_misc_feat_rows, evilmike_ruin_ashenzari

Skill      XL: |  1  2  3  4  5  6  7 |
---------------+----------------------+-----
Stealth        | 1 |  1.8
Unarmed Combat | 4 5 |  5.9
Poison Magic   | 1 2 3 |  3.6
Transmutations | 3 |  3.7
Spellcasting   | 3 |  3.6
Dodging        | 3 |  3.3
Throwing       | 1 |  1.0
Fighting       | |  1.9

Action                   |  1- 3 |  4- 6 |  7- 9 || total
-------------------------+-------+-------+-------++-------
Melee: Unarmed           |    81 |   160 |    97 ||   338
       Constrict         |    16 |    36 |     9 ||    61
       Tentacles         |    11 |    25 |     4 ||    40
       Punch             |     2 |     7 |     2 ||    11
Throw: Dart              |       |    14 |       ||    14
 Cast: Spider Form       |       |     4 |     5 ||     9
 Stab: Sleeping          |     9 |     9 |     1 ||    19
       Distracted        |       |       |     1 ||     1
Armor: Skin              |     6 |     3 |     3 ||    12
Dodge: Dodged            |    42 |    95 |    67 ||   204
